Match 38949794
Unlisted

Match 38949794
End
Pioneer Squad
Construct Infanterie Kompanie
Selects Luftwaffe Battlegroup
Selects Luftwaffe Pioneer Support
Fallschirmpioneer Squad Paradrop
Grenadier Squad
Grenadier Squad
MG 42 Machine Gun Team
Selects Stuka Strafing Run
Construct Luftwaffe Kompanie
Medical Bunker
Selects Fallschirmjäger Squad Paradrop
Fallschirmjäger Squad Paradrop
221 Scout Car
Jäger Squad
Stuka Strafing Run
Construct Panzer Kompanie
Selects LG40 Recoilless Gun Paradrop
LG40 Recoilless Gun Paradrop
Selects Infantry Reserves
Panzer IV Medium Tank
Fallschirmjäger Squad Paradrop
Pioneer Squad
GrW 34 Mortar Team
只愛❤毛妹
TheWolf
0
0

Comments sign in to comment!

No comments posted yet!